 Dungeon Crawl Stone Soup version 0.28.0-43-g3370ac3207 (webtiles) character file.

Game seed: 17378346253271556355

385 zeratav the Sneak (level 6, -6/29 HPs)
             Began as a Spriggan Enchanter on Apr 1, 2022.
             Mangled by an acid dragon (14 damage)
             ... on level 5 of the Dungeon.
             The game lasted 00:22:57 (5834 turns).

zeratav the Sneak (Spriggan Enchanter)              Turns: 5834, Time: 00:22:57

Health: -6/29      AC: -2    Str:  4    XL:     6   Next: 48%
Magic:  11/13      EV: 21    Int: 19    God:
Gold:   209        SH:  0    Dex: 15    Spells: 9/14 levels left

rFire   . . .      SeeInvis +   a - +1 dagger
rCold   . . .      Faith    .   (no shield)
rNeg    . . .      Spirit   .   b - +0 robe
rPois   .          Reflect  .   (helmet restricted)
rElec   .          Harm     .   (no cloak)
rCorr   .          Rampage  .   (gloves unavailable)
Will    +....                   (boots unavailable)
Stlth   ++........              e - amulet of the acrobat
HPRegen 0.09/turn               s - +4 ring of evasion
MPRegen 0.13/turn               (no ring)

@: corroded, invisible, slow
A: very small, no large weapons, unfitting armour, see invisible, speed 3
a: no special abilities


You were on level 5 of the Dungeon.
You visited 1 branch of the dungeon, and saw 5 of its levels.
You also visited: Sewer.

You collected 209 gold pieces.

Inventory:

Hand Weapons
 a - a +1 dagger (weapon)
 h - a +2 vorpal hunting sling
Missiles
 d - 9 stones
 i - 26 sling bullets
 j - 2 atropa-tipped darts (quivered)
 u - 4 poisoned darts
Armour
 b - a +0 robe (worn)
Jewellery
 e - an amulet of the acrobat (around neck)
 s - a +4 ring of evasion (left hand)
Scrolls
 o - a scroll of silence
 p - a scroll of fear
 r - a scroll of teleportation
 t - a scroll of fog
 w - 2 scrolls of identify
Potions
 f - a potion of might
 g - 2 potions of resistance
 k - a potion of heal wounds
 l - 3 potions of curing {unknown}
 m - 4 potions of brilliance
 n - a potion of haste {unknown}
 q - a potion of attraction {unknown}
 v - a potion of degeneration {unknown}
 x - a potion of cancellation {unknown}


   Skills:
 + Level 0.3 Fighting
 * Level 2.6 Short Blades
 + Level 3.3 Dodging
 + Level 6.4 Stealth
 + Level 4.5 Spellcasting
 + Level 4.8 Hexes
 * Level 2.4 Ice Magic


You had 9 spell levels left.
You knew the following spells:

 Your Spells              Type           Power      Damage    Failure   Level
a - Ensorcelled Hibernat  Hex/Ice        36%        N/A       4%          2
b - Confusing Touch       Hex            22%        N/A       5%          3

Your spell library contained the following spells:

 Spells                   Type           Power      Damage    Failure   Level
 Freeze                   Ice            52%        1d7       4%          1
 Tukima's Dance           Hex            22%        N/A       5%          3
 Dazzling Flash           Conj/Hex       26%        N/A       14%         3
 Frozen Ramparts          Ice            26%        1d4       14%         3
 Blink                    Tloc           8%         N/A       21%         2
 Gell's Gravitas          Tloc           4%         N/A       36%         3
 Lesser Beckoning         Tloc           4%         N/A       36%         3
 Teleport Other           Tloc           4%         N/A       36%         3
 Hailstorm                Conj/Ice       8%         3d4       63%         4
 Manifold Assault         Tloc           4%         N/A       98%         5
 Storm Form               Tmut/Air       2%         N/A       100%        7


Dungeon Overview and Level Annotations

Branches:
Dungeon (5/15)              Sewer (visited)
 Temple: D:4-7

Altars:
Fedhas
Nemelex Xobeh
Vehumet

Shops:
D:3 :   D:4 [


Innate Abilities, Weirdness & Mutations

You are very small and have problems with some larger weapons.
You are too small for most types of armour.
You have supernaturally acute eyesight. (SInv)
You cover ground extremely quickly. (Speed+++)


Message History

There is an open door here.
You enter the shallow water.
Moving in this stuff is going to be slow.
You now have 209 gold pieces (gained 14).
m - 3 potions of brilliance (gained 1)
p - a scroll of fear
t - a scroll of fog
m - 4 potions of brilliance (gained 1)
w - 2 scrolls of identify (gained 1)
x - a yellow potion
There is a gate leading back out of this place here.
Welcome back to the Dungeon!
The acid dragon spits acid at you. The splash of acid hits you!!
Ouch! That really hurt!
* * * LOW HITPOINT WARNING * * *
The acid corrodes you!
There is a collapsed entrance here.
You fade into invisibility!
The acid dragon spits acid at you. The splash of acid misses you.
You enter the shallow water.
Moving in this stuff is going to be slow. ...and don't expect to remain undetected.
You hit the acid dragon but do no damage.
The acid dragon misses you. x2
Casting: Ensorcelled Hibernation (safe; 4% risk of failure)
Confirm with . or Enter, or press ? or * to list all spells.
Aiming: Ensorcelled Hibernation (safe; 4% risk of failure)
Press: ? - help, Shift-Dir - straight line, f - acid dragon
Aim: an acid dragon (chance to affect: 50%)
The acid dragon looks drowsy...
Your unstable footing causes you to fumble your attack.
The helpless acid dragon fails to defend itself.
You impale the acid dragon!!
The acid dragon is almost dead.
The acid dragon misses you. The acid dragon closely misses you.
Your unstable footing causes you to fumble your attack.
The acid dragon bites you!
You die...

**,,,,,,,,
*############**#.#,
**,....#<....## #.#,
**,###.........###.##
*,,#≈#$.........##.##
*,,#.#...............
*,,#≈#...............
*,,#≈#...............
*,,#@#...............
**,#D#......)........
**#≈#..............>
#≈#.#..###........
#≈#.#...##........
#÷#.#.#.#######...
#...#.#.# #...
##..#...# ####...
#.###.$# #......


You could see an acid dragon.

Vanquished Creatures
  An orc warrior (D:4)
  2 jellies (D:4)
  An orc priest (D:3)
  An iguana (D:3)
  A hell rat (Sewer)
  A howler monkey skeleton (D:4)
  5 adders
  A gnoll (D:1)
  2 adder zombies (D:3)
  6 orcs (D:4)
  8 ball pythons
  7 bats
  7 endoplasms
  3 giant cockroaches
  2 goblins
  9 hobgoblins
  4 jackals (D:2)
  3 quokkas
  A ball python skeleton (D:3)
  6 frilled lizards
  2 kobolds
  A quokka zombie (D:3)
  10 rats
84 creatures vanquished.

Notes
Turn   | Place    | Note
-------+----------+-------------------------------------------
     0 | D:1      | zeratav the Spriggan Enchanter began the quest for the Orb.
     0 | D:1      | Reached XP level 1. HP: 9/9 MP: 5/5
   413 | D:1      | Reached XP level 2. HP: 13/13 MP: 6/6
   416 | D:1      | Learned a level 2 spell: Ensorcelled Hibernation
   874 | D:1      | Found a faded altar of an unknown god.
   886 | D:1      | Reached skill level 5 in Stealth
   957 | D:1      | Reached XP level 3. HP: 16/16 MP: 8/8
  2224 | D:3      | Reached XP level 4. HP: 21/21 MP: 10/10
  2231 | D:3      | Reached skill level 1 in Ice Magic
  2519 | D:3      | Learned a level 3 spell: Confusing Touch
  2918 | D:3      | Found Inneguph's Book Emporium.
  3501 | D:4      | Reached XP level 5. HP: 24/24 MP: 8/11
  3589 | D:4      | Noticed an orc warrior
  4375 | D:4      | Found a blossoming altar of Fedhas.
  4375 | D:4      | Found a radiant altar of Vehumet.
  4486 | D:4      | Found a sparkling altar of Nemelex Xobeh.
  4489 | D:4      | Found Pidume's Antique Armour Emporium.
  4492 | D:4      | Reached skill level 6 in Stealth
  4594 | D:4      | Killed an orc warrior
  4595 | D:4      | Reached XP level 6. HP: 29/29 MP: 2/13
  5060 | D:5      | Entered Level 5 of the Dungeon
  5092 | D:5      | Noticed an acid dragon
  5432 | D:5      | HP: 1/29 [acid dragon/splash of acid (28)]
  5462 | D:5      | Found a glowing drain.
  5471 | Sewer    | Entered a sewer
  5834 | D:5      | Mangled by an acid dragon

Illustrated notes

Levels and vault maps discovered:
D:1:      dpeg_arrival_long_road, layout_basic,
          hellmonk_ecumenical_altar_blasted
D:2:      layout_basic, minmay_stone_trees_small
D:3:      layout_loops_ring, serial_shops, nicolae_shop_trees, serial_undead,
          serial_undead_c, serial_undead_e, serial_undead_a, serial_undead_e,
          serial_undead_f, serial_undead_a, minmay_distorted
D:4:      layout_rooms, nemelex_xobeh_ov_fountains_minmay,
          gammafunk_temple_overflow_pools, serial_shops, shop,
          grunt_decor_arrowhead, minivault_26, nicolae_figureground_pulse
D:5:      layout_rooms, portal_sewer_entry_d

Skill      XL: |  1  2  3  4  5 |
---------------+----------------+-----
Hexes          | 4 |  4.8
Spellcasting   | 3 4 |  4.5
Stealth        | 5 6 |  6.4
Dodging        | 3 |  3.3
Ice Magic      | 1 2 |  2.4
Short Blades   | 2 |  2.6
Fighting       | |  0.3

Action                   |  1- 3 |  4- 6 || total
-------------------------+-------+-------++-------
Melee: Dagger            |   116 |   134 ||   250
       Punch             |     2 |     2 ||     4
Throw: Dart              |       |     1 ||     1
 Cast: Ensorcelled Hiber |    27 |    54 ||    81
       Confusing Touch   |       |     2 ||     2
  Use: Scroll            |     7 |     5 ||    12
       Potion            |       |     3 ||     3
 Stab: Sleeping          |    24 |    35 ||    59
       Confused          |       |     1 ||     1
Armor: Robe              |    14 |    11 ||    25
Dodge: Dodged            |   101 |   107 ||   208
